 Dungeon Crawl Stone Soup version 0.16-a0-3253-g5709529 (webtiles) character file.

494626 Chiseanne the Sorcerer (level 23, -7/134 HPs)
             Began as a Demonspawn Wizard on Dec 22, 2014.
             Was the Champion of Vehumet.
             Mangled by an azure jelly (10 damage)
             ... created by the royal jelly
             ... on level 5 of the Pits of Slime on Dec 23, 2014.
             The game lasted 09:29:46 (108968 turns).

Chiseanne the Sorcerer (Demonspawn Wizard)        Turns: 108968, Time: 09:29:46

Health: -7/134     AC:  1    Str:  6    XL:     23   Next: 94%
Magic:  5/46       EV: 13    Int: 33    God:    Vehumet [******]
Gold:   4397       SH:  8    Dex: 14    Spells: 9 memorised, 15 levels left

rFire  + . .     SeeInvis +     r - staff of wizardry
rCold  + . .     Clarity  .     c - +3 leather armour {rC+}
rNeg   + + .     SustAb   .     y - +2 buckler {rN+}
rPois  .         Gourm    .     (helmet unavailable)
rElec  +         Spirit   .     H - +2 cloak {+Inv}
rCorr  .         Warding  .     V - +2 pair of gloves
rMut   .         Stasis   .     j - +2 pair of boots {Fly}
MR     +....                    C - amulet of regeneration
Stlth  ++++......               q - +4 ring of intelligence
                                X - ring "Zihisi" {rF+ Dex+4}

@: corroded equipment, very slightly contaminated, repel missiles, somewhat
resistant to hostile enchantments, stealthy
A: antennae 3, talons 1, thin metallic scales 3, clumsy 1, negative energy
resistance 1, nightstalker 3, shaggy fur 1, spiny 3, weak 1
a: Renounce Religion, Evoke Invisibility, Evoke Flight
}: 2/15 runes: decaying, serpentine


You were on level 5 of the Pits of Slime.
You worshipped Vehumet.
Vehumet was exalted by your worship.
You were not hungry.

You visited 10 branches of the dungeon, and saw 53 of its levels.
You also visited: Labyrinth, Sewer and Ice Cave.

You collected 6222 gold pieces.
You spent 1825 gold pieces at shops.

Inventory:

Hand weapons
 a - the +5 falchion "Potam" {venom, rElec rF+ Int+1 SInv}
   (You found it on level 6 of the Lair of Beasts)

   It poisons the flesh of those it strikes.
   It affects your intelligence (+1).
   It protects you from fire.
   It insulates you from electricity.
   It enhances your eyesight.
Armour
 c - a +3 leather armour of cold resistance (worn)
 j - a +2 pair of boots of flying (worn)
 y - a +2 buckler of positive energy (worn)
 H - a +2 cloak of invisibility (worn)
 V - a +2 pair of gloves (worn)
Magical staves
 r - an uncursed staff of wizardry (weapon)
Jewellery
 q - a +4 ring of intelligence (right hand)
 C - an amulet of regeneration (around neck)
 X - the ring "Zihisi" (left hand) {rF+ Dex+4}
   (You took it off a deep elf master archer on level 3 of the Elven Halls)

   [ring of dexterity]

   It affects your dexterity (+4).
   It protects you from fire.
Magical devices
 g - a wand of digging (8)
 m - a wand of fire (3)
 o - a wand of teleportation (3)
 P - a wand of disintegration (0)
 S - a wand of teleportation (2)
Scrolls
 d - a scroll of recharging
 f - 9 scrolls of immolation
 t - 8 scrolls of fog
 v - 3 scrolls of magic mapping
 A - 5 scrolls of vulnerability
 K - 12 scrolls of remove curse
 Q - 2 scrolls of fear
 R - 4 scrolls of identify
Potions
 b - 5 potions of haste
 i - 7 potions of curing
 k - 2 potions of heal wounds
 u - a potion of agility
 z - 4 potions of invisibility
 F - 2 potions of flight
 G - 5 potions of restore abilities
 M - 4 potions of cancellation
 N - a potion of resistance
 O - a potion of ambrosia
Miscellaneous
 l - a stone of tremors
 I - a lamp of fire
 J - a phial of floods
 L - a legendary deck of changes {the Potion}
Comestibles
 h - 8 meat rations


   Skills:
 - Level 5.0 Armour
 - Level 4.8 Dodging
 - Level 1.7 Stealth
 - Level 6.9 Shields
 - Level 23.0 Spellcasting
 - Level 16.7 Conjurations
 - Level 1.0 Summonings
   Level 0.8 Translocations
 + Level 16.2 Fire Magic
 - Level 19.2 Ice Magic


You had 15 spell levels left.
You knew the following spells:

 Your Spells              Type           Power        Failure   Level  Hunger
a - Spellforged Servitor  Conj/Summ      #######...   2%          7    None
b - Lightning Bolt        Conj/Air       #######...   1%          5    None
c - Bolt of Fire          Conj/Fire      #######...   1%          6    None
d - Bolt of Cold          Conj/Ice       ########..   1%          6    None
e - Orb of Destruction    Conj           #######...   1%          7    None
f - Fireball              Conj/Fire      #######...   1%          5    None
g - Repel Missiles        Chrm/Air       #####.       1%          2    None
i - Freezing Cloud        Conj/Ice/Air   #######...   1%          6    None
j - Glaciate              Conj/Ice       ########..   4%          9    #####..


Dungeon Overview and Level Annotations

Branches:
Dungeon (15/15)            Temple (1/1) D:7            Lair (8/8) D:11
  Swamp (5/5) Lair:5        Snake (5/5) Lair:4        Slime (6/6) Lair:6
    Orc (4/4) D:11            Elf (3/3) Orc:4        Vaults (2/5) D:14
 Depths (4/5) D:15
  Crypt: Vaults:2-3

Altars:
Ashenzari
Cheibriados
Dithmenos
Elyvilon
Fedhas
Gozag
Kikubaaqudgha
Makhleb
Nemelex Xobeh
Okawaru
Qazlal
Ru
Sif Muna
Trog
Vehumet
Xom
Yredelemnul
Zin
The Shining One
Beogh
Jiyva

Shops:
D:6 ?   D:12 [   Orc:4 **(   Snake:5 ?

Portals:
Hell: Depths:1 Depths:2 Depths:3
Abyss: Depths:2
Pandemonium: Depths:3
Ziggurat: Depths:2

Annotations:
Swamp:1 exclusion: Roxanne, Roxanne
Elf:2 runed door, exclusion: 3 doors
Vaults:2 Mennas
Depths:1 runed door


Innate Abilities, Weirdness & Mutations

You have a pair of large antennae on your head (SInv).
You are completely covered in thin metallic scales (AC +4, rElec).
You resist negative energy.
You are completely attuned to the shadows.
You are completely covered in sharp spines.
You have sharp toenails.
You are clumsy. (Dex -2)
You are covered in fur (AC +1).
You are weak. (Str -2)


Message History

That felt strangely unrewarding.
The azure jelly hits you.
* * * LOW HITPOINT WARNING * * *
The azure jelly freezes you! You resist.
* * * LOW HITPOINT WARNING * * *
The azure jelly hits you but does no damage.
The azure jelly hits you.
* * * LOW HITPOINT WARNING * * *
The azure jelly hits you!
* * * LOW HITPOINT WARNING * * *
You climb upwards.
There is a stone staircase leading down here.
Read which item? (? for menu, Esc to quit)
Okay, then.
Drink which item? (? for menu, Esc to quit)
You feel much better. The acid blob hits you!
* * * LOW HITPOINT WARNING * * *
You are splashed with acid!
The acid corrodes your equipment!
The acid burns!
* * * LOW HITPOINT WARNING * * *
The azure jelly misses you. The azure jelly hits you!
You die...

#............................
##................{..#.......
###.............#............
##.#..........<..##...#...#...
##..................#..####....
#.........<>.............#.....
#....#.........................
##.....................>......#
#............@J............#..
##......#.....J..........^....
##........#...............#....
#....................#...#.##..
##...........................###
#....................##.....## #
##........#..#..#..........##
#.......###.#...#...##...##
##....#.##......#....##..#


You could see an acid blob and an azure jelly.

Vanquished Creatures
  the royal jelly (Slime:6)
  Norris (Swamp:4)
  Mara (Depths:3)
  A golden dragon (Depths:2)
  Xtahua (Vaults:2)
  Nikola (Depths:3)
  A lich (Depths:2)
  2 deep elf blademasters (Elf:3)
  2 deep elf master archers (Elf:3)
  15 acid blobs
  A sphinx (Depths:1)
  7 azure jellies
  Kirke (Elf:3)
  Frances (Swamp:1)
  A shadow dragon (Depths:2)
  2 thorn hunters (Swamp:4)
  6 fire giants
  5 greater nagas
  Maud (Lair:3)
  5 deep elf sorcerers (Elf:3)
  An iron dragon (Depths:2)
  2 orc warlords
  Aizul (Swamp:5)
  Louise (Snake:1)
  2 vault wardens (Vaults:1)
  A balrug (Depths:1)
  4 emperor scorpions
  Jorgrun (Elf:3)
  4 spriggan defenders (Depths:3)
  7 stone giants
  A vampire knight (Depths:1)
  The ghost of soonmide the Unseen, a mighty SpEn of Dithmenos (Swamp:4)
  4 very ugly things
  9 deep elf demonologists
  3 deep elf annihilators (Elf:3)
  4 dire elephants
  7 ettins
  Snorg (Orc:4)
  2 blizzard demons (IceCv)
  An eidolon (Depths:3)
  6 deep elf death magi
  A minotaur (Lab)
  6 death oozes
  3 deep elf high priests
  10 fire dragons
  2 spellforged servitors
  7 vault guards
  11 yaktaur captains
  5 great orbs of eyes
  Fannar (Lair:3)
  6 ice dragons
  Harold (D:11)
  4 spriggan air magi
  15 naga warriors
  5 ironheart preservers
  Nessos (Orc:3)
  6 rakshasas
  19 hydras
  7 centaur warriors
  3 ghost crabs (Swamp:5)
  Erica (D:13)
  12 alligators
  3 deep troll earth magi (Depths:1)
  A deep troll shaman (Depths:2)
  11 anacondas
  26 death yaks
  4 tengu warriors
  A vampire mage (Depths:3)
  11 naga sharpshooters
  A titan zombie (Depths:2)
  3 dancing weapons
  7 shock serpents
  6 ogre magi
  2 catoblepae
  5 shadow wraiths
  2 orc high priests
  7 spriggan berserkers
  Nergalle (Lair:7)
  4 hell knights (Depths:1)
  5 ice devils (IceCv)
  A fire crab (shapeshifter) (D:15)
  11 deep elf knights
  3 skeletal warriors (Depths:2)
  7 sea snakes (Snake:5)
  3 giant orange brains
  5 unseen horrors
  4 flayed ghosts
  2 spriggan druids
  11 deep trolls
  A death drake (shapeshifter) (Vaults:1)
  12 deep elf summoners
  3 salamander mystics
  6 spectral hydras (Swamp:5)
  2 tengu zombies (Depths:2)
  4 shambling mangroves
  A spectral anaconda (Depths:3)
  An ice statue (IceCv)
  5 swamp dragons
  A death drake (Depths:3)
  3 ironbrand convokers
  5 naga ritualists
  23 ugly things
  11 hill giants
  A wizard (Depths:1)
  An orc sorcerer (Vaults:1)
  3 necromancers
  2 wolf spiders
  An iron dragon zombie (Depths:2)
  7 mana vipers
  13 orc knights
  A fire giant zombie (Vaults:1)
  5 shining eyes
  24 deep elf conjurers
  4 griffons
  5 red wasps
  3 manticores
  4 oklob plants (Lair:4)
  A sphinx skeleton (Depths:2)
  A human zombie (Vaults:1)
  10 salamanders
  5 cyclopes
  The ghost of Chiseanne the Thaumaturge, an experienced DsWz of Vehumet (D:6)
  4 phantasmal warriors
  An elephant (shapeshifter) (Depths:2)
  15 elephants
  An elf zombie (Depths:2)
  2 eyes of devastation
  10 guardian serpents
  Maurice (D:13)
  37 black mambas
  A stone giant skeleton (Vaults:1)
  2 black mambas (shapeshifter)
  3 vault sentinels
  A centaur zombie (D:14)
  18 naga magi
  4 gargoyles
  2 orange crystal statues (Depths:3)
  5 kobold demonologists
  23 spiny frogs
  8 anaconda simulacra
  2 orange demons (Elf:3)
  3 spectral merfolk (Depths:3)
  A spriggan zombie (Depths:2)
  A tengu conjurer (D:15)
  A golden dragon simulacrum (IceCv)
  2 fire drakes (Lair:3)
  21 yaktaurs
  16 deep elf priests
  11 komodo dragons
  A swamp worm zombie (Swamp:5)
  An elf (shapeshifter) (Depths:3)
  A jumping spider (shapeshifter) (Vaults:1)
  3 hydra zombies (Swamp:5)
  8 trolls
  6 freezing wraiths
  10 polar bears
  4 raiju (Depths:3)
  8 giant leeches
  2 blue devils (IceCv)
  5 baby alligators
  14 bog bodies
  13 two-headed ogres
  4 wandering mushrooms (D:10)
  9 ravens
  3 centaur simulacra
  120 slime creatures
  A boulder beetle (shapeshifter) (Elf:3)
  A boulder beetle (Vaults:1)
  A sphinx simulacrum (Vaults:1)
  31 deep elf magi
  5 alligator zombies (Swamp:5)
  6 shadows
  4 wraiths
  5 dire elephant simulacra (IceCv)
  A human (Elf:3)
  11 spriggans
  3 basilisks
  2 tarantellas (shapeshifter)
  24 blink frogs
  3 vampires
  3 tarantellas
  6 hungry ghosts
  2 fire bats (Depths:2)
  4 trapdoor spiders
  A water elemental (Depths:3)
  13 yaks
  4 wyverns
  20 vampire mosquitoes
  4 hogs (Elf:3)
  A hippogriff (shapeshifter) (Vaults:1)
  41 nagas
  27 deep elf fighters
  17 wargs
  A hydra simulacrum (IceCv)
  37 wolves
  32 insubstantial wisps
  2 harpy simulacra (IceCv)
  29 swamp worms
  65 orc warriors
  6 hippogriffs
  A mottled dragon (Vaults:1)
  47 water moccasins
  An iron troll simulacrum (IceCv)
  3 eyes of draining
  3 snapping turtle zombies (Depths:3)
  A spectral spriggan (Depths:3)
  11 boggarts (Vaults:2)
  6 hell hounds
  16 yellow wasps
  An eye of draining (shapeshifter) (Depths:2)
  7 phantoms
  An alligator simulacrum (IceCv)
  8 sky beasts
  2 necrophages (D:7)
  13 swamp drakes
  13 black bears
  4 swamp dragon zombies (Swamp:5)
  An ogre (shapeshifter) (Vaults:1)
  9 porcupines
  A lost soul (Depths:3)
  29 ogres
  13 crocodiles
  2 ettin simulacra (IceCv)
  A human skeleton (Vaults:1)
  Sigmund (D:3)
  An elf simulacrum (Vaults:1)
  21 centaurs
  30 giant frogs
  A yaktaur zombie (Vaults:1)
  4 big kobolds
  A wyvern zombie (D:7)
  A wyvern skeleton (D:11)
  6 scorpions
  13 wights
  12 killer bees
  A human simulacrum (Vaults:1)
  2 oklob saplings (D:10)
  A goliath beetle (D:9)
  A spectral centaur (Depths:3)
  3 giant frog zombies
  4 crimson imps
  3 draconian simulacra (IceCv)
  37 orc priests
  25 hounds
  25 jellies
  12 iguanas
  7 centaur skeletons
  3 giant frog skeletons
  2 spectral swamp drakes (Swamp:5)
  Natasha (twice) (D:3)
  38 sheep
  An elf skeleton (Vaults:1)
  A polar bear simulacrum (IceCv)
  2 troll simulacra
  5 hell rats
  A spriggan simulacrum (Depths:3)
  8 worker ants
  36 orc wizards
  Ijyb (D:3)
  An ogre skeleton (Depths:3)
  2 mummies (D:11)
  A worker ant zombie (D:7)
  31 adders
  4 ogre simulacra (IceCv)
  7 shadow imps
  A naga simulacrum (IceCv)
  69 river rats
  12 white imps (IceCv)
  2 worms
  A giant mite (D:5)
  2 giant eyeballs
  3 ufetubi (IceCv)
  2 orc zombies
  2 adder skeletons
  An adder zombie (D:7)
  3 giant geckos
  An ooze (D:4)
  301 orcs
  3 bat skeletons (D:5)
  A bat zombie (D:7)
  10 giant cockroaches
  27 goblins
  16 hobgoblins
  26 jackals
  14 quokkas
  A ball python (D:2)
  11 bats
  6 giant newts
  2 giant spores
  A jackal skeleton (D:8)
  34 kobolds
  A quokka skeleton (D:8)
  20 rats
  A spectral orc (Lair:7)
  23 ballistomycetes
  9 bushes
  23 fungi
  28 plants
2592 creatures vanquished.

Vanquished Creatures (collateral kills)
  2 liches (Depths:2)
  A tentacled monstrosity (Depths:1)
  Asterion (Elf:3)
  A Shadow Fiend (Depths:3)
  A titan (Depths:1)
  A shadow dragon (Depths:2)
  An azure jelly (Slime:1)
  3 greater nagas
  A frost giant (Depths:2)
  A spriggan defender (Depths:3)
  2 stone giants
  4 dire elephants
  2 minotaurs
  A spellforged servitor (Depths:2)
  A yaktaur captain (Depths:3)
  An ice dragon (Depths:2)
  2 great orbs of eyes (Depths:3)
  7 naga warriors
  3 deep troll earth magi
  2 anacondas
  3 death yaks (Depths:2)
  A deep troll shaman (Depths:2)
  A centaur warrior (Depths:2)
  A dancing weapon (Depths:3)
  6 naga sharpshooters
  A vampire mage (Depths:3)
  A hell hog (Depths:2)
  A spriggan (Depths:3)
  A storm dragon zombie (Depths:2)
  A hell knight (Depths:1)
  A salamander mystic (Snake:5)
  A skeletal warrior (Depths:2)
  2 sun demons (Depths:1)
  2 soul eaters (Depths:3)
  2 flayed ghosts (Depths:3)
  An iron troll (Depths:2)
  2 sea snakes (Snake:5)
  2 deep trolls
  2 naga ritualists (Snake:5)
  A hill giant (Depths:1)
  A tengu zombie (Depths:2)
  A deep elf conjurer (Elf:2)
  An ugly thing (Depths:1)
  A frost giant zombie (Depths:2)
  3 mana vipers
  3 necromancers (Depths:2)
  4 salamanders
  A salamander (shapeshifter) (Depths:3)
  An elephant (Lair:8)
  4 guardian serpents
  A stone giant skeleton (Depths:2)
  An eye of devastation (Slime:6)
  9 black mambas
  7 naga magi
  A kobold demonologist (D:11)
  3 spectral merfolk (Depths:3)
  9 slime creatures
  A two-headed ogre (Depths:3)
  A fire vortex (Depths:2)
  A troll (D:11)
  A raiju (Depths:3)
  3 wraiths
  A water elemental (Depths:3)
  3 vampires
  2 fire bats (Depths:2)
  A shadow (Depths:3)
  A hungry ghost (D:13)
  36 nagas
  2 wolves (Depths:2)
  A hydra simulacrum (Depths:3)
  A hippogriff (Lair:8)
  2 wargs (Depths:2)
  2 spectral spriggans
  2 water moccasins
  2 eyes of draining (Slime:1)
  A snapping turtle zombie (Depths:3)
  2 ogres (Depths:2)
  A yellow wasp (Depths:3)
  2 centaurs (Depths:1)
  A wight (Depths:3)
  A spectral naga (Depths:3)
  A killer bee (D:11)
  4 jellies
  4 orcs
  A goblin (D:3)
  A kobold (D:11)
204 creatures vanquished.

Vanquished Creatures (others)
  27 spellforged servitors
  A yaktaur captain (Depths:1)
  A wolf spider zombie (D:14)
  2 water elementals
  2 spriggans (Swamp:5)
  A fire elemental (Depths:1)
  A human (Elf:3)
  A yellow wasp (Swamp:5)
  A giant frog (D:7)
  A killer bee (D:11)
  An orc wizard (D:7)
  An adder (D:7)
  Natasha (D:3)
  An adder zombie (D:7)
  An orc (D:11)
  A giant spore (D:14)
  119 blocks of ice
  23 fungi
  31 plants
217 creatures vanquished.

Grand Total: 3013 creatures vanquished

Notes
Turn   | Place    | Note
--------------------------------------------------------------
     0 | D:1      | Chiseanne, the Demonspawn Wizard, began the quest for the Orb.
     0 | D:1      | Reached XP level 1. HP: 13/13 MP: 4/4
   574 | D:1      | Gained mutation: You are partially covered in thin metallic scales (AC +2). [demonic ancestry]
   574 | D:1      | Reached XP level 2. HP: 19/19 MP: 0/6
  1215 | D:1      | Learned a level 2 spell: Repel Missiles
  1872 | D:2      | Reached skill level 4 in Spellcasting
  1872 | D:2      | Reached XP level 3. HP: 21/24 MP: 2/9
  2338 | D:2      | Learned a level 3 spell: Conjure Flame
  2342 | D:2      | Learned a level 3 spell: Mephitic Cloud
  2640 | D:2      | Gained mutation: You have a pair of small antennae on your head. [demonic ancestry]
  2640 | D:2      | Reached XP level 4. HP: 30/30 MP: 8/11
  3809 | D:3      | Noticed Natasha
  3820 | D:3      | Killed Natasha
  3820 | D:3      | Reached XP level 5. HP: 22/35 MP: 7/14
  4058 | D:3      | Noticed Natasha
  4068 | D:3      | Killed Natasha
  4268 | D:3      | Noticed Natasha
  4271 | D:3      | Killed Natasha
  4302 | D:3      | Reached skill level 1 in Armour
  4378 | D:3      | Noticed Sigmund
  4398 | D:3      | Killed Sigmund
  4398 | D:3      | Reached skill level 5 in Spellcasting
  4812 | D:3      | Noticed Ijyb
  4828 | D:3      | Killed Ijyb
  4828 | D:3      | Gained mutation: You are mostly covered in thin metallic scales (AC +3). [demonic ancestry]
  4828 | D:3      | Reached XP level 6. HP: 41/41 MP: 5/17
  5045 | D:4      | Found a stormy altar of Qazlal.
  5459 | D:4      | Found a burning altar of Makhleb.
  5468 | D:4      | Found a sacrificial altar of Ru.
  5787 | D:5      | Entered Level 5 of the Dungeon
  5822 | D:5      | Reached XP level 7. HP: 46/46 MP: 12/19
  6049 | D:5      | Found a glowing drain.
  6073 | Sewer    | Entered a sewer
  6595 | D:5      | Reached skill level 6 in Spellcasting
  6595 | D:5      | Reached skill level 5 in Conjurations
  7240 | D:6      | Found Shrism's Magic Scroll Shoppe.
  7257 | D:6      | Bought a scroll of identify for 26 gold pieces
  7257 | D:6      | Bought a scroll of summoning for 123 gold pieces
  7257 | D:6      | Bought a scroll of remove curse for 39 gold pieces
  7457 | D:6      | Reached XP level 8. HP: 52/52 MP: 20/22
  7494 | D:6      | Noticed Chiseanne's ghost (experienced DsWz)
  7516 | D:6      | Killed Chiseanne's ghost
  7516 | D:6      | Reached skill level 7 in Spellcasting
  8239 | D:6      | Bought a scroll of immolation for 45 gold pieces
  8490 | D:7      | Reached skill level 8 in Spellcasting
  8675 | D:7      | Gained mutation: You have a pair of antennae on your head. [demonic ancestry]
  8675 | D:7      | Reached XP level 9. HP: 57/57 MP: 25/25
  8913 | D:7      | Found a staircase to the Ecumenical Temple.
  8923 | Temple   | Entered the Ecumenical Temple
  9014 | Temple   | Became a worshipper of Vehumet
  9789 | D:7      | Acquired Vehumet's first power
  9789 | D:7      | Offered knowledge of Sandblast by Vehumet.
  9842 | D:7      | Learned a level 5 spell: Lightning Bolt
 10226 | D:8      | Reached skill level 9 in Spellcasting
 10982 | D:8      | Learned a level 5 spell: Fireball
 11236 | D:8      | Reached skill level 1 in Fire Magic
 11503 | D:9      | Offered knowledge of Sting by Vehumet.
 11521 | D:10     | Entered Level 10 of the Dungeon
 11773 | D:9      | Reached XP level 10. HP: 56/63 MP: 16/28
 12638 | D:9      | Reached skill level 5 in Fire Magic
 12785 | D:9      | Offered knowledge of Throw Flame by Vehumet.
 13229 | D:9      | Learned a level 6 spell: Bolt of Fire
 13325 | D:10     | Acquired Vehumet's second power
 14813 | D:10     | Found a blossoming altar of Fedhas.
 15113 | D:10     | Offered knowledge of Sticky Flame by Vehumet.
 15424 | D:11     | Noticed a hill giant
 15432 | D:11     | Killed a hill giant
 15436 | D:11     | Gained mutation: You are slightly more attuned to the shadows. [demonic ancestry]
 15436 | D:11     | Reached XP level 11. HP: 68/68 MP: 13/29
 15636 | D:11     | Noticed a hill giant
 15667 | D:11     | Killed a hill giant
 16030 | D:11     | Found a staircase to the Lair.
 16038 | Lair:1   | Entered Level 1 of the Lair of Beasts
 16113 | D:11     | Reached skill level 10 in Spellcasting
 16118 | D:11     | Reached skill level 1 in Shields
 16118 | D:11     | Acquired Vehumet's third power
 16311 | D:11     | Offered knowledge of Airstrike by Vehumet.
 16318 | D:11     | Found a staircase to the Orcish Mines.
 16556 | D:11     | Noticed Harold
 16560 | D:11     | Killed Harold
 17432 | D:11     | Gained mutation: You have sharp toenails. [potion of beneficial mutation]
 18056 | Lair:1   | Reached skill level 5 in Armour
 18261 | Lair:1   | Noticed a six-headed hydra
 18266 | Lair:1   | Killed a six-headed hydra
 18266 | Lair:1   | Reached skill level 10 in Fire Magic
 18933 | Lair:1   | Gained mutation: You are completely covered in thin metallic scales (AC +4, rElec). [demonic ancestry]
 18933 | Lair:1   | Reached XP level 12. HP: 74/74 MP: 31/31
 19043 | Lair:1   | Offered knowledge of Olgreb's Toxic Radiance by Vehumet.
 19399 | Lair:2   | Found a labyrinth entrance.
 19470 | Lab      | Entered a labyrinth
 19705 | Lab      | Reached skill level 11 in Spellcasting
 19876 | Lab      | Noticed a minotaur
 19881 | Lab      | Killed a minotaur
 19967 | Lab      | Got a brightly glowing chain mail
 19967 | Lab      | Got a smoking robe
 19995 | Lair:2   | Reached skill level 5 in Shields
 20163 | Lair:2   | Identified the cursed -1 chain mail of the Five Mice {rElec rPois} (You found it in a labyrinth)
 20178 | Lair:2   | Identified the +1 robe "Ghil" {Int+3 Stlth+} (You found it in a labyrinth)
 20375 | Lair:2   | Noticed a six-headed hydra
 20378 | Lair:2   | Killed a six-headed hydra
 21547 | Lair:3   | Noticed Maud
 21552 | Lair:3   | Killed Maud
 21685 | Lair:3   | Noticed a seven-headed hydra
 21687 | Lair:3   | Killed a seven-headed hydra
 21688 | Lair:3   | Reached skill level 12 in Spellcasting
 21918 | Lair:3   | Offered knowledge of Iron Shot by Vehumet.
 21937 | Lair:3   | Learned a level 6 spell: Iron Shot
 21962 | Lair:3   | Noticed a five-headed hydra
 21964 | Lair:3   | Killed a five-headed hydra
 22034 | Lair:3   | Gained mutation: You have a pair of large antennae on your head (SInv). [demonic ancestry]
 22034 | Lair:3   | Reached XP level 13. HP: 79/79 MP: 33/33
 22166 | Lair:3   | Noticed a six-headed hydra
 22170 | Lair:3   | Killed a six-headed hydra
 22478 | Lair:3   | Noticed a seven-headed hydra
 22482 | Lair:3   | Killed a seven-headed hydra
 22542 | Lair:3   | You fall through a shaft for 2 floors!
 23305 | Lair:4   | Learned a level 6 spell: Freezing Cloud
 23541 | Lair:4   | Reached skill level 1 in Ice Magic
 23960 | Lair:4   | Found a staircase to the Snake Pit.
 24313 | Lair:3   | Noticed Fannar
 24320 | Lair:3   | Killed Fannar
 24766 | D:6      | Bought a scroll of enchant armour for 97 gold pieces
 24766 | D:6      | Bought a scroll of enchant armour for 97 gold pieces
 24980 | D:11     | Reached skill level 5 in Ice Magic
 25134 | Orc:1    | Entered Level 1 of the Orcish Mines
 25137 | Orc:1    | Offered knowledge of Ozocubu's Refrigeration by Vehumet.
 25648 | Orc:1    | Found a burning altar of Makhleb.
 26599 | Orc:3    | Found a roughly hewn altar of Beogh.
 26805 | Orc:3    | Offered knowledge of Bolt of Magma by Vehumet.
 27073 | Orc:3    | Noticed Nessos
 27083 | Orc:3    | Killed Nessos
 27601 | Orc:3    | Noticed an orc warlord
 27625 | Orc:3    | Killed an orc warlord
 27909 | Orc:4    | Entered Level 4 of the Orcish Mines
 27912 | Orc:4    | Noticed Snorg
 28018 | Orc:4    | Found a staircase to the Elven Halls.
 28133 | Orc:4    | Killed Snorg
 28972 | Orc:4    | Found a roughly hewn altar of Beogh.
 30000 | Orc:4    | Offered knowledge of Bolt of Cold by Vehumet.
 30617 | Orc:4    | Found Smigucra's General Store.
 30617 | Orc:4    | Found Smaah's Assorted Antiques.
 30625 | Orc:4    | Gained mutation: You are significantly more attuned to the shadows. [demonic ancestry]
 30625 | Orc:4    | Reached XP level 14. HP: 74/85 MP: 6/34
 31110 | Orc:4    | Bought a scroll of magic mapping for 52 gold pieces
 31110 | Orc:4    | Bought a scroll of identify for 30 gold pieces
 31110 | Orc:4    | Bought a scroll of identify for 30 gold pieces
 31110 | Orc:4    | Bought a +0 pair of boots for 67 gold pieces
 31187 | Orc:4    | Bought a potion of curing for 96 gold pieces
 31187 | Orc:4    | Bought a scroll of identify for 64 gold pieces
 31196 | Orc:4    | Noticed an orc warlord
 31747 | Orc:4    | Killed an orc warlord
 32767 | Orc:4    | Found a roughly hewn altar of Beogh.
 32804 | Orc:4    | Found Tahifiluo's Weapon Shoppe.
 32804 | Orc:4    | Found Lotabinni's Food Shop.
 33079 | Orc:4    | Bought a royal jelly for 24 gold pieces
 33079 | Orc:4    | Bought 2 fruits for 36 gold pieces
 33079 | Orc:4    | Bought a meat ration for 60 gold pieces
 33079 | Orc:4    | Bought a royal jelly for 24 gold pieces
 33079 | Orc:4    | Bought a meat ration for 60 gold pieces
 33079 | Orc:4    | Bought a bread ration for 60 gold pieces
 33079 | Orc:4    | Bought a bread ration for 60 gold pieces
 33079 | Orc:4    | Bought a bread ration for 60 gold pieces
 33135 | Orc:4    | Bought an uncursed amulet of warding for 225 gold pieces
 33150 | Orc:4    | Bought a scroll of enchant armour for 240 gold pieces
 33503 | D:12     | Reached skill level 10 in Ice Magic
 34553 | D:12     | Found Sies' Armour Emporium.
 35419 | D:13     | Offered knowledge of Orb of Destruction by Vehumet.
 35431 | D:13     | Learned a level 7 spell: Orb of Destruction
 35744 | D:13     | Noticed Erica
 35748 | D:13     | Killed Erica
 36485 | D:13     | Noticed Maurice
 36490 | D:13     | Killed Maurice
 37562 | D:14     | Identified a scroll of acquirement
 37730 | D:13     | Reached skill level 13 in Spellcasting
 40019 | D:14     | Found a gate to the Vaults.
 41009 | D:14     | Gained mutation: You are partially covered in sharp spines. [demonic ancestry]
 41009 | D:14     | Reached XP level 15. HP: 90/90 MP: 14/36
 41906 | D:15     | Entered Level 15 of the Dungeon
 42552 | Lair:1   | Reached skill level 14 in Spellcasting
 43434 | Lair:5   | Offered knowledge of Spellforged Servitor by Vehumet.
 43684 | Lair:5   | Reached skill level 10 in Conjurations
 44047 | Lair:5   | Found a staircase to the Swamp.
 44252 | Swamp:1  | Entered Level 1 of the Swamp
 44894 | Lair:6   | Found a shadowy altar of Dithmenos.
 45212 | Lair:6   | Got a smoking falchion
 45213 | Lair:6   | Identified the +5 falchion "Potam" {venom, rElec rF+ Int+1 SInv} (You found it on level 6 of the Lair of Beasts)
 45706 | Lair:6   | Found a staircase to the Slime Pits.
 45707 | Lair:6   | Found a viscous altar of Jiyva.
 47141 | Lair:1   | Learned a level 7 spell: Spellforged Servitor
 47324 | Lair:8   | Entered Level 8 of the Lair of Beasts
 47370 | Lair:7   | Noticed Nergalle
 47616 | Lair:7   | Killed Nergalle
 48633 | Lair:8   | Reached skill level 15 in Spellcasting
 50186 | Lair:8   | Reached XP level 16. HP: 88/96 MP: 29/37
 50434 | Lair:8   | Offered knowledge of Glaciate by Vehumet.
 50434 | Lair:8   | Offered knowledge of Shatter by Vehumet.
 50434 | Lair:8   | Offered knowledge of Tornado by Vehumet.
 53380 | D:15     | Found a staircase to the Depths.
 54186 | Swamp:1  | Noticed Frances
 54202 | Swamp:1  | Killed Frances
 54430 | Swamp:1  | Noticed Roxanne
 54875 | Swamp:1  | Reached skill level 16 in Spellcasting
 57228 | Swamp:2  | HP: 4/96 [poisoned by a swamp dragon (poison gas)]
 59552 | Swamp:4  | Found a frozen archway.
 59574 | IceCv    | Entered an ice cave
 59768 | IceCv    | Reached XP level 17. HP: 101/101 MP: 39/39
 60629 | IceCv    | Got a pair of faintly humming gloves
 60640 | IceCv    | Identified the cursed +0 pair of gloves of Hysteria {Int-2 Dex+3} (You found it in an ice cave)
 60930 | Swamp:4  | Noticed soonmide's ghost (mighty SpEn)
 60937 | Swamp:4  | Killed soonmide's ghost
 61857 | Swamp:4  | Found a bloodstained altar of Trog.
 61859 | Swamp:4  | Noticed Norris
 61860 | Swamp:4  | Paralysed by Norris for 6 turns
 61875 | Swamp:4  | Killed Norris
 63176 | Swamp:4  | Got a translucent rapier
 63182 | Swamp:4  | Identified the +9 rapier of Disharmony {flame, rElec Dex+1} (You found it on level 4 of the Swamp)
 63516 | Swamp:5  | Entered Level 5 of the Swamp
 63911 | Swamp:5  | Upgraded the game from 0.16-a0-3246-g12054e0 to 0.16-a0-3253-g5709529
 64843 | Swamp:5  | Reached skill level 17 in Spellcasting
 64939 | Swamp:5  | Reached skill level 15 in Conjurations
 64976 | Swamp:5  | Noticed Aizul
 64982 | Swamp:5  | Killed Aizul
 66173 | Swamp:5  | Noticed a bone dragon
 67969 | Swamp:5  | Got a decaying rune of Zot
 68238 | Lair:1   | Gained mutation: You are covered in fur (AC +1). [potion of mutation]
 68238 | Lair:1   | Gained mutation: Your magical capacity is low (-10% MP). [potion of mutation]
 68238 | Lair:1   | Gained mutation: Your body is slowly deteriorating. [potion of mutation]
 68239 | Lair:1   | Gained mutation: You are weak. (Str -2) [potion of mutation]
 68239 | Lair:1   | Gained mutation: You are frail (-10% HP). [potion of mutation]
 68239 | Lair:1   | Gained mutation: You are very weak. (Str -4) [potion of mutation]
 68242 | Lair:1   | Lost mutation: Your magical capacity is low (-10% MP). [potion of cure mutation]
 68242 | Lair:1   | Lost mutation: Your body is slowly deteriorating. [potion of cure mutation]
 68242 | Lair:1   | Lost mutation: You are very weak. (Str -4) [potion of cure mutation]
 68242 | Lair:1   | Lost mutation: You are frail (-10% HP). [potion of cure mutation]
 68347 | Vaults:1 | Entered Level 1 of the Vaults
 69081 | Vaults:1 | Reached XP level 18. HP: 107/107 MP: 40/40
 71694 | Vaults:2 | Noticed Xtahua
 71704 | Vaults:2 | Killed Xtahua
 71704 | Vaults:2 | Reached skill level 18 in Spellcasting
 72074 | Vaults:2 | Noticed Mennas
 72903 | Snake:1  | Entered Level 1 of the Snake Pit
 73315 | Snake:1  | Noticed Louise
 73326 | Snake:1  | Killed Louise
 75261 | Snake:2  | Learned a level 9 spell: Glaciate
 75650 | Lair:1   | Learned a level 6 spell: Bolt of Cold
 77478 | Snake:3  | Gained mutation: You are mostly covered in sharp spines. [demonic ancestry]
 77478 | Snake:3  | Reached XP level 19. HP: 112/112 MP: 41/41
 79589 | Snake:4  | Reached skill level 19 in Spellcasting
 79815 | Snake:4  | HP: 3/112 [naga sharpshooter/bolt of flame (5)]
 79817 | Snake:4  | HP: 1/112 [naga sharpshooter/bolt (2)]
 80794 | Snake:5  | Entered Level 5 of the Snake Pit
 80939 | Snake:5  | Found Proum's Magic Scroll Boutique.
 81931 | Snake:5  | Bought a scroll of magic mapping for 35 gold pieces
 81931 | Snake:5  | Bought a scroll of enchant armour for 75 gold pieces
 81931 | Snake:5  | Bought a scroll of magic mapping for 35 gold pieces
 81931 | Snake:5  | Bought a scroll of remove curse for 30 gold pieces
 81931 | Snake:5  | Bought a scroll of immolation for 35 gold pieces
 83941 | Snake:5  | Reached skill level 20 in Spellcasting
 84216 | Snake:5  | Reached skill level 15 in Ice Magic
 84892 | Snake:5  | Got a serpentine rune of Zot
 85788 | Depths:1 | Entered Level 1 of the Depths
 86026 | Depths:1 | Found a huge runed gate.
 86026 | Depths:1 | Found a huge runed gate.
 86026 | Depths:1 | Found a huge runed gate.
 86030 | Depths:1 | Found a huge runed gate.
 86030 | Depths:1 | Found a huge runed gate.
 86030 | Depths:1 | Found a huge runed gate.
 86031 | Depths:1 | Found a huge runed gate.
 86031 | Depths:1 | Found a huge runed gate.
 86121 | Depths:1 | Found a gateway to Hell.
 86489 | Depths:1 | Reached XP level 20. HP: 79/118 MP: 7/43
 87260 | Depths:1 | Found a huge runed gate.
 87515 | Depths:1 | Found a huge runed gate.
 87518 | Depths:1 | Found a huge runed gate.
 87519 | Depths:1 | Found a huge runed gate.
 87519 | Depths:1 | Found a huge runed gate.
 87519 | Depths:1 | Found a huge runed gate.
 87520 | Depths:1 | Found a huge runed gate.
 87520 | Depths:1 | Found a huge runed gate.
 87520 | Depths:1 | Found a huge runed gate.
 87520 | Depths:1 | Found a huge runed gate.
 87520 | Depths:1 | Found a huge runed gate.
 87538 | Depths:1 | Found a huge runed gate.
 87539 | Depths:1 | Found a huge runed gate.
 87540 | Depths:1 | Found a huge runed gate.
 87569 | Depths:1 | Found a huge runed gate.
 87570 | Depths:1 | Found a huge runed gate.
 87689 | Depths:1 | Found a huge runed gate.
 87689 | Depths:1 | Found a huge runed gate.
 87689 | Depths:1 | Found a huge runed gate.
 87690 | Depths:1 | Found a huge runed gate.
 87722 | Depths:1 | Found a huge runed gate.
 87723 | Depths:1 | Found a huge runed gate.
 87726 | Depths:1 | Found a huge runed gate.
 87727 | Depths:1 | Found a huge runed gate.
 87728 | Depths:1 | Found a huge runed gate.
 88259 | Depths:2 | Paralysed by a great orb of eyes for 2 turns
 88446 | Depths:2 | Found a one-way gate to the infinite horrors of the Abyss.
 89316 | Depths:2 | Reached skill level 21 in Spellcasting
 89741 | Depths:2 | Found a gateway to a ziggurat.
 90365 | Depths:2 | Noticed a golden dragon
 90372 | Depths:2 | Killed a golden dragon
 91484 | Depths:2 | Paralysed by a vampire knight for 6 turns
 91680 | Depths:1 | Paralysed by a vampire knight for 7 turns
 93339 | Depths:2 | Identified Borgnjor's Reference Book on Assistive Evil
 93557 | Depths:3 | Gained mutation: You are completely attuned to the shadows. [demonic ancestry]
 93557 | Depths:3 | Reached XP level 21. HP: 123/123 MP: 35/44
 95026 | Depths:3 | Paralysed by a great orb of eyes for 5 turns
 96703 | Depths:3 | Noticed Nikola
 96712 | Depths:3 | Killed Nikola
 96978 | Depths:3 | Reached skill level 22 in Spellcasting
 97294 | Depths:3 | Got a sparkling lapis lazuli ring
 97450 | Depths:3 | Noticed Mara
 97452 | Depths:3 | Killed Mara
 97797 | Depths:3 | Paralysed by a red wasp for 3 turns
 98581 | Depths:3 | Found a one-way gate leading to the halls of Pandemonium.
 98592 | Depths:3 | Gained mutation: You are completely covered in sharp spines. [demonic ancestry]
 98592 | Depths:3 | Reached XP level 22. HP: 129/129 MP: 39/45
 98892 | Depths:3 | Got a dazzling whip
 98909 | Depths:3 | Identified the cursed +0 whip of Honour {drain, rF+ rC+} (You took it off an ogre mage on level 3 of the Depths)
 98913 | Depths:3 | Identified the ring of the Coward {Str+3 Dex+4 SInv} (You took it off an ogre mage on level 3 of the Depths)
100395 | Elf:1    | Entered Level 1 of the Elven Halls
100499 | Elf:1    | Found a radiant altar of Vehumet.
101359 | Elf:1    | Got a polished scale mail
101360 | Elf:1    | Identified the cursed +5 scale mail "Shruemiu" {rN+} (You found it on level 1 of the Elven Halls)
102100 | Elf:2    | Got an iridescent short sword
102101 | Elf:2    | Identified the cursed +2 short sword "Acilep" {pierce, rPois Str-1} (You found it on level 2 of the Elven Halls)
102252 | Elf:2    | Found a runed gate.
102252 | Elf:2    | Found a runed gate.
102252 | Elf:2    | Found a runed gate.
102287 | Elf:2    | Gained mutation: You resist negative energy. [demonic ancestry]
102287 | Elf:2    | Reached XP level 23. HP: 134/134 MP: 37/46
102637 | Elf:3    | Entered Level 3 of the Elven Halls
102652 | Elf:3    | Noticed Jorgrun
102657 | Elf:3    | Killed Jorgrun
102906 | Elf:3    | Noticed Kirke
102911 | Elf:3    | Killed Kirke
103514 | Elf:3    | Got an ichor-stained morningstar
103520 | Elf:3    | Got a crude pewter ring
103550 | Elf:3    | Identified the cursed -1 morningstar "Facier" {speed, rC- Stlth+} (You took it off a deep elf death mage on level 3 of the Elven Halls)
103704 | Elf:3    | Reached skill level 23 in Spellcasting
103756 | Elf:3    | Identified the ring "Zihisi" {rF+ Dex+4} (You took it off a deep elf master archer on level 3 of the Elven Halls)
103832 | Elf:3    | Got an ancient arbalest
103833 | Elf:3    | Identified the +11 arbalest of Reckesh {velocity, rPois rF+ rN+} (You found it on level 3 of the Elven Halls)
103850 | Elf:3    | Got a steaming chain mail
103851 | Elf:3    | Identified the cursed -8 chain mail of Elecowon {rC+} (You found it on level 3 of the Elven Halls)
104119 | Elf:3    | Noticed Asterion
104126 | Elf:3    | Killed Asterion
104238 | Elf:3    | Got a distressingly furry shield
104249 | Elf:3    | Identified the -3 shield "Vatasyas" {Dex-5} (You acquired it on level 3 of the Elven Halls)
104860 | Lair:1   | Identified a +3 rod of ignition (12/12) (You took it off a deep elf high priest on level 3 of the Elven Halls)
105627 | Slime:1  | Entered Level 1 of the Pits of Slime
106345 | Slime:2  | Gained mutation: You are clumsy. (Dex -2) [a shining eye]
108185 | Slime:5  | Reached skill level 15 in Fire Magic
108730 | Slime:6  | Entered Level 6 of the Pits of Slime
108956 | Slime:6  | Noticed the royal jelly
108960 | Slime:6  | Killed the royal jelly
108966 | Slime:6  | HP: 3/134 [azure jelly[the royal jelly] (8)]
108968 | Slime:5  | Mangled by an azure jelly

Action                   |  1- 3 |  4- 6 |  7- 9 | 10-12 | 13-15 | 16-18 | 19-21 | 22-24 || total
-------------------------+-------+-------+-------+-------+-------+-------+-------+-------++-------
Melee: Unarmed           |    21 |       |       |       |       |       |       |       ||    21
       Dagger            |    55 |    48 |    79 |   168 |   137 |       |       |       ||   487
       Staff             |       |       |     4 |    14 |    57 |     2 |     4 |     2 ||    83
       Falchion          |       |       |       |       |    65 |   195 |       |       ||   260
       Rapier            |       |       |       |       |       |    17 |       |       ||    17
Throw: Tomahawk          |       |       |     4 |       |       |       |       |       ||     4
 Cast: Magic Dart        |    97 |   149 |   414 |   263 |   271 |    43 |       |       ||  1237
       Repel Missiles    |     1 |     1 |       |     1 |     5 |     2 |     3 |     1 ||    14
       Mephitic Cloud    |       |     3 |    33 |    16 |     9 |       |       |       ||    61
       Conjure Flame     |       |       |    43 |    28 |     4 |       |       |       ||    75
       Fireball          |       |       |       |   121 |   432 |   353 |     1 |       ||   907
       Lightning Bolt    |       |       |       |    15 |   107 |   130 |     7 |     1 ||   260
       Bolt of Fire      |       |       |       |   111 |   315 |   513 |   131 |    31 ||  1101
       Freezing Cloud    |       |       |       |       |    89 |    99 |    32 |     2 ||   222
       Iron Shot         |       |       |       |       |     1 |       |       |       ||     1
       Orb of Destructio |       |       |       |       |     2 |     1 |    36 |    12 ||    51
       Bolt of Cold      |       |       |       |       |       |    12 |   332 |   124 ||   468
       Spellforged Servi |       |       |       |       |       |    12 |   183 |    26 ||   221
       Glaciate          |       |       |       |       |       |       |    61 |   106 ||   167
 Abil: Evoke Flight      |       |       |       |       |       |       |     2 |     2 ||     4
Evoke: Wand              |       |       |       |     5 |    14 |    13 |    62 |     7 ||   101
       Phial of floods   |       |       |       |       |     4 |     2 |     3 |       ||     9
       Phantom mirror    |       |       |       |       |     1 |       |     1 |       ||     2
       Lamp of fire      |       |       |       |       |       |     1 |     3 |       ||     4
  Use: Scroll            |     4 |     7 |    14 |    16 |    20 |    24 |    18 |    15 ||   118
       Potion            |     1 |       |     1 |     3 |     5 |    16 |    12 |     1 ||    39
 Stab: Sleeping          |     1 |     2 |       |       |       |       |       |       ||     3
       Confused          |       |     1 |     1 |       |       |       |       |       ||     2
       Distracted        |       |       |       |       |     1 |       |       |       ||     1
  Eat: Chunk             |     5 |    10 |    15 |    39 |   105 |    67 |    64 |    25 ||   330
       Beef jerky        |       |       |     1 |     2 |     3 |    16 |     1 |       ||    23
       Royal jelly       |       |       |     1 |       |     2 |       |     1 |       ||     4
       Fruit             |       |       |       |    23 |     5 |     4 |     6 |       ||    38
       Bread ration      |       |       |       |     4 |    10 |     2 |     6 |     4 ||    26
       Meat ration       |       |       |       |     1 |     6 |       |     1 |     4 ||    12
       Pizza             |       |       |       |       |     1 |     1 |     3 |     1 ||     6
